 Dungeon Crawl Stone Soup version 0.26-a0-812-g31a745ddcd (webtiles) character file.

Game seed: 17604102821605768862

8 mkm the Ruffian (level 2, 0/29 HPs)
             Began as a Troll Berserker on Nov 13, 2020.
             Was a Follower of Trog.
             Slain by a kobold (3 damage)
             ... on level 1 of the Dungeon on Nov 18, 2020.
             The game lasted 00:04:50 (257 turns).

mkm the Ruffian (Troll Berserker)                    Turns: 257, Time: 00:04:50

Health: 0/29       AC:  6    Str: 24    XL:     2   Next: 0%
Magic:  1/1        EV: 10    Int:  3    God:    Trog [*.....]
Gold:   0          SH:  0    Dex:  9    Spells: 1/1 levels left

rFire    . . .     SeeInvis .   b - +0 dagger
rCold    . . .     Faith    .   (no shield)
rNeg     . . .     Spirit   .   a - +0 animal skin
rPois    .         Reflect  .   (helmet restricted)
rElec    .         Harm     .   (no cloak)
rCorr    .         Rampage  .   (gloves unavailable)
MR       .....                  (boots unavailable)
Stlth    +.........             (no amulet)
HPRegen  0.49/turn              (no ring)
MPRegen  0.07/turn              (no ring)

@: no status effects
A: large, unfitting armour, claws 3, regeneration 1, shaggy fur 1, tough skin 3
a: Berserk, Renounce Religion


You were on level 1 of the Dungeon.
You worshipped Trog.
Trog was aware of your devotion.
You visited 1 branch of the dungeon, and saw 1 of its levels.

Inventory:

Hand Weapons
 b - a +0 dagger (weapon)
Armour
 a - a +0 animal skin (worn)
Jewellery
 c - a +6 ring of dexterity {unknown}


   Skills:
 + Level 2.5 Fighting
 + Level 2.6 Dodging
 + Level 3.2 Unarmed Combat


You had one spell level left.
You didn't know any spells.
Your spell library was empty.

Dungeon Overview and Level Annotations

Branches:
Dungeon (1/15)

Altars:


Innate Abilities, Weirdness & Mutations

You are too large for most types of armour.
You have claws for hands.
Your natural rate of healing is unusually fast.
You are covered in fur. (AC +1)
You have extremely tough skin. (AC +3)


Message History

The kobold closely misses you. The bat hits you but does no damage.
The bat closely misses you. The rat barely misses you.
The kobold closely misses you. The bat barely misses you.
The bat hits you but does no damage. The rat barely misses you.
The kobold closely misses you. The bat hits you but does no damage.
The bat hits you.
* * * LOW HITPOINT WARNING * * *
The rat misses you. The kobold hits you but does no damage.
The bat barely misses you. The bat hits you but does no damage.
The rat bites you.
* * * LOW HITPOINT WARNING * * *
The kobold barely misses you. The bat barely misses you.
The bat hits you but does no damage. The bat hits you.
* * * LOW HITPOINT WARNING * * *
The rat bites you but does no damage. The kobold hits you but does no damage.
The bat hits you but does no damage. The bat barely misses you. x2
The rat completely misses you. The bat hits you but does no damage.
The kobold hits you.
You die...

########################...
#.......>.................[
#.######.#......########...
#...####.#......# #...
###.#.......##### ###...
#.#.##......# #.....
#.#.#.......# #.....
#...#.......# #(...#
#####..b@K..# #....# #
#..b.r..########....# #.
#..........(.........
#.#####)################...
#.....รท.# #.b. ###...(##
#... #....# . ###. #....#
.. . #..(.###...


You could see 2 bats, a kobold and a rat.

Vanquished Creatures
  2 goblins (D:1)
  A hobgoblin (D:1)
  A kobold (D:1)
  A bat (D:1)
  A frilled lizard (D:1)
  2 rats (D:1)
8 creatures vanquished.

Vanquished Creatures (others)
  4 toadstools (D:1)
4 creatures vanquished.

Grand Total: 12 creatures vanquished

Notes
Turn   | Place    | Note
-------+----------+-------------------------------------------
     0 | D:1      | mkm the Troll Berserker began the quest for the Orb.
     0 | D:1      | Reached XP level 1. HP: 22/22 MP: 0/0
   115 | D:1      | Reached XP level 2. HP: 29/29 MP: 1/1
   257 | D:1      | Slain by a kobold

Illustrated notes

Levels and vault maps discovered:
D:1:      ldierk_walled_garden_2, layout_basic, hangedman_decor_peaks_small

Action                   || total
-------------------------++-------
Melee: Dagger            ||    12
       Unarmed           ||     9
       Punch             ||     1
 Stab: Sleeping          ||     1
Armor: Animal skin       ||   279
Dodge: Dodged            ||   271

Table legend: (Time is in decaauts)
 A = Elapsed time spent in this place.
 B = Non-inter-level travel time spent in this place.
 C = Inter-level travel time spent in this place.
 D = Time resting spent in this place.
 E = Time spent auto-exploring this place.
 F = Levels seen in this place.
 G = Mean time per level.
                   A        B        C        D        E       F      G
               +--------+--------+--------+--------+--------+-----+--------+
         Total |    255 |    255 |      0 |      0 |     34 |   1 |  255.0 |
       Dungeon |    255 |    255 |      0 |      0 |     34 |   1 |  255.0 |
               +--------+--------+--------+--------+--------+-----+--------+

Top non-repeatable levels by time:
     D:1: 255 daAuts
